 Dungeon Crawl Stone Soup version bcrawl-1.27.3 (webtiles) character file.

Game seed: 11876149288677770374

372694 MisterOstroum the Skirmisher (level 5, -2/33 HPs)
             Began as a Vine Stalker Fighter on Sept 24, 2020.
             Killed by nerve-wracking pain
             ... invoked by an orc priest
              (14 damage)
             ... on level 4 of the Dungeon.
             The game lasted 00:03:26 (493 turns).

MisterOstroum the Skirmisher (Vine Stalker Fighter)  Turns: 493, Time: 00:03:27

Health: -2/33      AC:  6    Str: 20    XL:     5   Next: 71%
Magic:  6/6        EV: 14    Int:  8    God:
Gold:   5          SH:  0    Dex: 13    Spells: 4/4 levels left

rFire    . . .     SeeInvis .   a - +0 rapier
rCold    . . .     Gourm    .   (no shield)
rNeg     . . .     Faith    .   o - +1 leather armour {rPois}
rPois    +         Spirit   .   (no helmet)
rElec    .         Reflect  .   (no cloak)
rCorr    .         Harm     .   l - +0 pair of gloves
MR       .....                  i - +0 pair of boots
Stlth    +.........             (no amulet)
HPRegen  0.51/turn              p - +3 ring of evasion
MPRegen  0.10/turn              (no ring)

@: no status effects
A: fangs 2, regeneration 1, no potion heal 3, rot immunity, strong jaws
a: no special abilities


You were on level 4 of the Dungeon.
You were hungry.

You visited 1 branch of the dungeon, and saw 4 of its levels.

You collected 41 gold pieces.
You spent 36 gold pieces at shops.

Inventory:

Hand Weapons
 a - a +0 rapier (weapon)
 h - a +0 hand axe
Armour
 b - a +0 scale mail
 c - a +0 medium shield
 i - a +0 pair of boots (worn)
 l - a +0 pair of gloves (worn)
 o - a +1 leather armour of poison resistance (worn)
Jewellery
 p - a +3 ring of evasion (left hand)
Scrolls
 f - 2 scrolls of teleportation {unknown}
 m - a scroll of enchant weapon {unknown}
 n - a scroll of amnesia {unknown}
Potions
 d - a potion of might {@q3 !q}
 g - 3 potions of lignification
 j - 2 potions of curing {unknown}
 k - a potion of heal wounds {unknown}
 q - a potion of flight {unknown}
Comestibles
 e - a ration {!d}


   Skills:
 * Level 4.1 Fighting
 * Level 3.5 Short Blades
 - Level 2.4 Armour
 + Level 3.4 Shields


You had 4 spell levels left.
You didn't know any spells.
Your spell library was empty.

Dungeon Overview and Level Annotations

Branches:
Dungeon (4/12)
 Temple: D:4-7

Altars:

Shops:
D:4 *


Innate Abilities, Weirdness & Mutations

You have extremely sharp teeth.
Your natural rate of healing is unusually fast.
Potions cannot restore your health.
You are immune to rotting.
Your bites deal extra damage.


Message History

an orc corpse
o - a +1 leather armour of poison resistance Wear which item? (? for menu, Esc to quit)
You start removing your armour.
You continue taking off your +0 scale mail. x4
You finish taking off your +0 scale mail.
You start putting on your armour.
You continue putting on your +1 leather armour of poison resistance. x5
You finish putting on your +1 leather armour of poison resistance.
You feel resistant to poison.
p - a small coral ring
g - 3 grey potions (gained 2)
An iguana comes into view.
Put on which piece of jewellery? (? for menu, Esc to quit)
p - a +3 ring of evasion (left hand)
The iguana hisses angrily.
The iguana bites you.
You barely miss the iguana. You bite the iguana.
The iguana is moderately wounded.
The iguana bites you!
You closely miss the iguana.
The iguana is moderately wounded.
The iguana closely misses you.
You puncture the iguana!
The iguana is almost dead.
The iguana closely misses you.
You puncture the iguana!
You kill the iguana!
Your Fighting skill increases to level 4!
You see here an iguana corpse.
You butcher the iguana corpse.
q - a chunk of flesh You see here an iguana skeleton.
Eat a chunk of flesh? (ye/n/q)
You eat the chunk of flesh.
This raw flesh tastes terrible.
Found a scroll labeled LYKYIS CADIQIRO.
Found a stone staircase leading up.
An orc comes into view. It is wielding a +0 flail.
The orc shouts!
You see here a scroll of identify {@r1}.
q - a scroll of identify {@r1} You closely miss the orc.
The orc misses you.
Okay, then.
Unknown command.
You hit the orc.
The orc is severely wounded.
The orc hits you but does no damage.
You hit the orc.
You kill the orc!
Things that are here:
a +0 flail; an orc corpse
As you read the scroll of identify {@r1}, it crumbles to dust.
g - 3 potions of lignification An orc comes into view.
It is wielding a +0 short sword.
There is an entrance to Eden's Assorted Antiques here.
j - 2 amethyst potions (gained 1);
q - a silvery potion Thank you for shopping at Eden's Assorted Antiques!
Unknown command.
You barely miss the orc. The orc hits you but does no damage.
You hit the orc.
The orc is lightly wounded.
The orc completely misses you.
You are feeling hungry.
You closely miss the orc. The orc hits you but does no damage.
You puncture the orc!
You kill the orc!
Things that are here:
a cursed +0 short sword; a +0 leather armour An orc priest comes into view.
It is wielding a +0 trident.
You have encountered a dangerous foe!
The orc priest shouts!
An orc comes into view. It is wielding a +0 mace.
Okay, then.
Wear which item? (? for menu, Esc to quit)
You start putting on your armour.
You continue putting on your +0 medium shield.
Keep equipping yourself?
You stop putting on your armour.
The orc priest barely misses you.
You hit the orc priest.
The orc priest is moderately wounded.
The orc priest mumbles some strange prayers to Beogh against you.
Pain shoots through your body!
You hit the orc priest.
The orc priest is severely wounded.
You hit the orc priest.
You kill the orc priest!
The orc barely misses you.
You barely miss the orc. Your bite misses the orc.
An orc priest comes into view. It is wielding a +0 flail.
The orc priest shouts!
You puncture the orc!
You kill the orc!
The orc priest mumbles some strange prayers to Beogh against you.
Beogh smites you!
Things that are here:
a +0 trident; a +0 scale mail You closely miss the orc priest.
The orc priest invokes the aid of Beogh against you.
Pain shoots through your body!
You die...

. # .. .# ... #.#
.... ######.#
..... #......#
......##..P.P.#
#....o@).P∩P.##
######.#).PP..#
#.#......#######
#.###..........#
..# #..#.###.#.#
#.# #..#.#...#.###
..?....#..........
..####.#..)..#.##
#.#<.##.#.#


You could see an orc priest.

Vanquished Creatures
  A phantom (D:4)
  An orc priest (D:4)
  An iguana (D:4)
  An adder (D:3)
  An adder skeleton (D:4)
  A dart slug (D:1)
  2 leopard geckos
  5 orcs
  A ball python (D:1)
  2 bats
  A giant cockroach (D:3)
  4 goblins
  3 hobgoblins
  2 frilled lizards
  2 kobolds
  3 rats (D:1)
31 creatures vanquished.

Notes
Turn   | Place    | Note
-------+----------+-------------------------------------------
     0 | D:1      | MisterOstroum the Vine Stalker Fighter began the quest for
                  | the Orb.
     0 | D:1      | Reached XP level 1. HP: 13/13 MP: 2/2
    75 | D:1      | Reached XP level 2. HP: 18/18 MP: 3/3
   123 | D:1      | Reached skill level 3 in Fighting
   253 | D:3      | Reached XP level 3. HP: 23/23 MP: 4/4
   344 | D:4      | Noticed a phantom
   398 | D:4      | Killed a phantom
   398 | D:4      | Reached XP level 4. HP: 29/29 MP: 5/5
   398 | D:4      | Reached XP level 5. HP: 33/33 MP: 6/6
   445 | D:4      | Reached skill level 4 in Fighting
   459 | D:4      | Found Eden's Assorted Antiques.
   473 | D:4      | Bought an amethyst potion for 18 gold pieces
   473 | D:4      | Bought a silvery potion for 18 gold pieces
   493 | D:4      | Killed from afar by an orc priest

Skill      XL: |  1  2  3  4  5 |
---------------+----------------+-----
Short Blades   | 2 3 |  3.5
Fighting       | 3 4 |  4.1
Shields        | 3 |  3.4
Armour         | |  2.4

Action                   |  1- 3 |  4- 6 || total
-------------------------+-------+-------++-------
Melee: Rapier            |    82 |    19 ||   101
       Bite              |     8 |     2 ||    10
Throw: Stone             |     6 |       ||     6
  Use: Scroll            |       |     1 ||     1
  Eat: Chunk             |       |     1 ||     1
Armor: Scale mail        |    27 |       ||    27
       Leather armour    |       |     3 ||     3
Dodge: Dodged            |    32 |     6 ||    38
